 Dungeon Crawl Stone Soup version 0.28.0-47-ge53b351184 (webtiles) character file.

Game seed: 6382124538758269440

153803 pkoi the Destroyer (level 16, 0/134 HPs)
             Began as a Demigod Conjurer on May 3, 2022.
             Slain by the 27-headed Lernaean hydra (2 damage)
             ... on level 4 of the Swamp.
             The game lasted 01:31:23 (44010 turns).

pkoi the Destroyer (Demigod Conjurer)              Turns: 44010, Time: 01:31:24

Health: 0/134      AC: 15    Str:  3    XL:     16   Next: 50%
Magic:  28/54      EV: 16    Int: 48    God:
Gold:   1825       SH:  0    Dex: 12    Spells: 17/35 levels left

rFire   . . .      SeeInvis .   J - +8 scimitar of Lust {vorpal, rElec rPois Str-5 Stlth-}
rCold   . . .      Faith    .   (no shield)
rNeg    . . .      Spirit   .   Q - +1 robe of Inference {Int+3 Archmagi}
rPois   +          Reflect  .   D - +3 hat of Pondering {ponderous, Will+ MP+10 Int+5}
rElec   +          Harm     .   a - +0 cloak {Will+}
rCorr   .          Rampage  .   P - +0 pair of gloves
Will    +++..      Archmagi +   d - +1 pair of boots
Stlth   +.........              x - amulet of magic regeneration
HPRegen 0.32/turn               g - ring of magical power
MPRegen 0.74/turn               T - +4 ring of protection

@: studying Unarmed Combat, very slow
A: high MP 1, forlorn, divine attributes
a: no special abilities


You were on level 4 of the Swamp.
You visited 4 branches of the dungeon, and saw 27 of its levels.
You also visited: Sewer.

You collected 2479 gold pieces.
You spent 654 gold pieces at shops.

Inventory:

Hand Weapons
 J - the +8 scimitar of Lust (weapon) {vorpal, rElec rPois Str-5 Stlth-}
   (You found it on level 4 of the Lair of Beasts)

   It inflicts extra damage upon your enemies.
   Str:       It affects your strength (-5).
   rElec:     It insulates you from electricity.
   rPois:     It protects you from poison.
   Stlth:     It makes you less stealthy.
 S - a +3 short sword of venom
Missiles
 f - 42 poisoned darts
 v - 4 curare-tipped darts
 w - 2 throwing nets
 C - 2 boomerangs of dispersal
Armour
 a - a +0 cloak of willpower (worn)
 d - a +1 pair of boots (worn)
 D - the +3 hat of Pondering (worn) {ponderous, Will+ MP+10 Int+5}
   (You took it off Gastronok on level 8 of the Dungeon)

   Int:       It affects your intelligence (+5).
   MP:        It affects your magic capacity (+10).
   Will:      It increases your willpower.
 P - a +0 pair of gloves (worn)
 Q - the +1 robe of Inference (worn) {Int+3 Archmagi}
   (You found it on level 1 of the Lair of Beasts)

   Int:       It affects your intelligence (+3).
   Archmagi:  It increases the power of your magical spells.
Jewellery
 g - a ring of magical power (left hand)
 k - a ring of ice
 x - an amulet of magic regeneration (around neck)
 I - a ring of protection from fire
 N - a ring of positive energy
 R - a ring of protection from cold
 T - a +4 ring of protection (right hand)
Wands
 b - a wand of acid (6)
 j - a wand of polymorph (8)
 q - a wand of charming (28)
 A - a wand of iceblast (35)
 B - a wand of flame (46)
 L - a wand of digging (13)
 M - a wand of paralysis (18)
Scrolls
 c - 4 scrolls of enchant armour
 h - a scroll of summoning
 m - 11 scrolls of teleportation
 y - 3 scrolls of silence
 z - 2 scrolls of blinking
 E - 2 scrolls of brand weapon
 F - 4 scrolls of fog
 G - 6 scrolls of enchant weapon
 O - 4 scrolls of fear
 V - 4 scrolls of amnesia
 W - 3 scrolls of magic mapping
 X - a scroll of acquirement
 Z - 5 scrolls of identify
Potions
 e - 6 potions of heal wounds
 i - 5 potions of flight
 l - 2 potions of cancellation
 n - 4 potions of might
 p - 4 potions of resistance
 r - 4 potions of invisibility
 u - 3 potions of berserk rage
 H - 5 potions of haste
 K - 3 potions of magic
 Y - 3 potions of brilliance


   Skills:
 + Level 9.8 Fighting
 + Level 5.6 Armour
 + Level 10.0 Dodging
 + Level 2.1 Stealth
 + Level 7.3 Unarmed Combat
 + Level 10.2 Spellcasting
 - Level 14.0 Conjurations
 - Level 12.0 Hexes
 - Level 8.0 Translocations
 * Level 6.0 Earth Magic
 - Level 9.0 Evocations


You had 17 spell levels left.
You knew the following spells:

 Your Spells              Type           Power      Damage    Failure   Level
a - Magic Dart            Conj           100%       1d8       0%          1
b - Searing Ray           Conj           100%       2d8       0%          2
c - Iskenderun's Mystic   Conj/Tloc      100%       2d19      1%          4
d - Fulminant Prism       Conj/Hex       61%        3d27      1%          4
e - Apportation           Tloc           100%       N/A       1%          1
f - Iron Shot             Conj/Erth      55%        9d10      2%          6

Your spell library contained the following spells:

 Spells                   Type           Power      Damage    Failure   Level
 Dazzling Flash           Conj/Hex       100%       N/A       0%          3
 Animate Skeleton         Necr           72%        N/A       1%          1
 Foxfire                  Conj/Fire      100%       2x1d9     1%          1
 Pain                     Necr           100%       1d9       1%          1
 Shock                    Conj/Air       100%       1d9       1%          1
 Sting                    Tmut/Pois      100%       1d8       1%          1
 Summon Small Mammal      Summ           100%       N/A       1%          1
 Poisonous Vapours        Pois/Air       72%        N/A       1%          2
 Static Discharge         Conj/Air       95%        N/A       1%          2
 Confusing Touch          Hex            100%       N/A       1%          3
 Conjure Flame            Conj/Fire      95%        6-21      1%          3
 Inner Flame              Hex/Fire       89%        N/A       1%          3
 Flame Wave               Conj/Fire      95%        2d16      1%          4
 Sticky Flame             Conj/Fire      95%        2d10      1%          4
 Silence                  Hex/Air        44%        N/A       2%          5
 Yara's Violent Unravell  Hex/Tmut       44%        3d17      2%          5
 Swiftness                Air            36%        N/A       3%          3
 Vampiric Draining        Necr           36%        2d8       3%          3
 Animate Armour           Summ/Erth      100%       N/A       3%          4
 Enfeeble                 Hex            59%        N/A       6%          7
 Borgnjor's Vile Clutch   Necr/Erth      34%        N/A       9%          5
 Conjure Ball Lightning   Conj/Air       47%        3x3d16    9%          6
 Airstrike                Air            18%        N/A       10%         4
 Animate Dead             Necr           18%        N/A       10%         4
 Dispel Undead            Necr           36%        3d15      10%         4
 Olgreb's Toxic Radiance  Pois           36%        N/A       10%         4
 Agony                    Necr           36%        N/A       28%         5
 Alistair's Intoxication  Tmut/Pois      24%        N/A       28%         5
 Blade Hands              Tmut           18%        N/A       28%         5
 Discord                  Hex            59%        N/A       43%         8
 Death Channel            Necr           18%        N/A       83%         6
 Disjunction              Tloc           50%        N/A       94%         8


Dungeon Overview and Level Annotations

Branches:
Dungeon (15/15)            Temple (0/1) D:6            Lair (6/6) D:11
  Swamp (4/4) Lair:2        Snake (0/4) Lair:3        Slime (0/5) Lair:6
    Orc (2/2) D:12            Elf (0/3) Orc:2        Vaults (0/5) D:14
 Depths (0/4) D:15          Sewer (visited)

Shops:
D:5 !   D:6 [   Orc:2 *(!!

Portals:
Trove: D:12 (give 8 scrolls of fog)

Annotations:
D:9 1 runed translucent door
Swamp:4 Lernaean hydra


Innate Abilities, Weirdness & Mutations

You have an increased reservoir of magic. (+10% MP)
You shall have no god before yourself.
Your divine heritage dramatically boosts your attributes as you level up.


Message History

The mystic blast hits the 27-headed Lernaean hydra!!
The 27-headed Lernaean hydra is heavily wounded.
The 27-headed Lernaean hydra is knocked back by the mystic blast.
Unknown command.
Casting: Iskenderun's Mystic Blast (safe; 1% risk of failure)
Confirm with . or Enter, or press ? or * to list all spells.
You feel a surge of power!
You erupt in a blast of force!
The mystic blast hits the 27-headed Lernaean hydra!!
The 27-headed Lernaean hydra is severely wounded.
The 27-headed Lernaean hydra bites you.
* * * LOW HITPOINT WARNING * * *
The 27-headed Lernaean hydra completely misses you.
The 27-headed Lernaean hydra closely misses you.
The 27-headed Lernaean hydra bites you but does no damage.
The 27-headed Lernaean hydra bites you!
* * * LOW HITPOINT WARNING * * *
The 27-headed Lernaean hydra bites you!
* * * LOW HITPOINT WARNING * * *
The 27-headed Lernaean hydra misses you.
The 27-headed Lernaean hydra bites you.
* * * LOW HITPOINT WARNING * * *
The 27-headed Lernaean hydra bites you but does no damage. x2
The 27-headed Lernaean hydra bites you!
* * * LOW HITPOINT WARNING * * *
The 27-headed Lernaean hydra completely misses you.
The 27-headed Lernaean hydra bites you!
* * * LOW HITPOINT WARNING * * *
The 27-headed Lernaean hydra bites you but does no damage.
The 27-headed Lernaean hydra bites you!
* * * LOW HITPOINT WARNING * * *
The 27-headed Lernaean hydra bites you.
* * * LOW HITPOINT WARNING * * *
The 27-headed Lernaean hydra bites you.
* * * LOW HITPOINT WARNING * * *
The 27-headed Lernaean hydra bites you but does no damage.
The 27-headed Lernaean hydra closely misses you.
The 27-headed Lernaean hydra bites you.
* * * LOW HITPOINT WARNING * * *
The 27-headed Lernaean hydra bites you.
You die...

♣♣♣♣♣ ♣♣♣♣
♣♣...♣♣♣.≈♣♣
♣♣♣♣♣≈≈≈§♣♣.≈≈[♣♣♣
♣♣♣≈≈♣.≈§≈§♣.≈≈§≈♣≈♣♣♣
♣.≈≈..§≈§.<≈≈..♣♣....♣
♣.≈≈..≈...≈≈≈≈.♣≈.≈≈.♣
♣≈≈≈≈≈≈≈≈≈≈≈≈≈≈..≈≈≈♣♣
♣♣≈≈≈≈≈≈≈..≈≈@≈≈≈≈§≈♣♣
♣♣..≈≈≈.≈≈.≈≈D≈≈≈≈≈≈♣
♣♣♣.≈≈..≈≈≈≈≈≈≈≈≈≈≈♣ #
♣.≈.≈≈≈§≈§≈≈≈≈≈.♣♣ ##
♣♣♣♣♣♣.§≈≈≈≈≈≈≈♣♣ ##.
♣♣♣≈..♣..≈♣♣♣ ##.≈
♣♣♣♣♣≈†≈♣≈♣♣ ##..# ♣♣♣
♣≈♣♣≈[≈≈♣###..##
♣≈♣♣♣♣♣♣.♣♣.††.k≈..≈♣#


You could see the 27-headed Lernaean hydra.

Vanquished Creatures
  Gastronok (D:8)
  A thorn hunter (Swamp:4)
  Kirke (D:13)
  An azure jelly (shapeshifter) (D:13)
  3 fenstrider witches
  2 orc warlords (Orc:2)
  A very ugly thing (D:15)
  6 eleionomae
  A minotaur (Lair:1)
  6 bunyips
  Josephine (Swamp:1)
  An ettin (Orc:2)
  The ghost of enile the Geomancer, a journeyman GrEE of Ashenzari (Lair:1)
  20 hydras
  A great orb of eyes (D:15)
  The ghost of Xuta the Peltast, a journeyman FoFi of Okawaru (D:13)
  A shambling mangrove (Swamp:4)
  A vault guard (D:14)
  A rakshasa (D:15)
  6 centaur warriors
  An ogre mage (D:15)
  2 ghost crabs
  An anaconda (Swamp:3)
  16 two-headed ogres
  Erica (D:11)
  2 catoblepae
  A jorogumo (shapeshifter) (D:15)
  A death knight (D:15)
  14 alligators
  5 boulder beetles
  4 death yaks (Lair:6)
  A deep troll shaman (Lair:6)
  5 orc high priests (Orc:2)
  Sonja (Lair:2)
  A deep elf knight (D:14)
  A skeletal warrior (D:15)
  A spriggan druid (Swamp:4)
  2 wizards
  A goliath frog (Swamp:3)
  A phantasmal warrior (D:14)
  14 swamp dragons
  4 orc knights (Orc:2)
  9 bog bodies
  Pikel (D:8)
  A lindwurm (Lair:6)
  A deep elf pyromancer (D:15)
  2 oklob plants (Lair:6)
  4 manticores
  6 orc sorcerers (Orc:2)
  A faun (shapeshifter) (D:13)
  14 ugly things
  4 will-o-the-wisps
  4 cyclopes
  6 black mambas
  11 elephants (Lair:6)
  A torpor snail (Lair:5)
  11 cane toads
  2 rime drakes (Lair:6)
  Maggie (Lair:2)
  A freezing wraith (D:15)
  2 yaktaurs
  7 komodo dragons
  An efreet (D:15)
  4 polar bears
  7 trolls
  5 tyrant leeches
  A bloated husk (Swamp:2)
  6 hornets
  A polar bear (shapeshifter) (D:13)
  A slime creature (shapeshifter) (D:15)
  14 blink frogs
  7 dream sheep (Lair:6)
  9 slime creatures
  2 centaur simulacra (D:14)
  5 spriggans
  7 wraiths
  A shadow (D:11)
  38 yaks
  2 wyverns
  A basilisk (Lair:3)
  3 hogs (D:13)
  9 vampire mosquitoes
  A steam dragon (D:8)
  3 wargs (Orc:2)
  A redback simulacrum (D:15)
  15 swamp worms
  11 water moccasins
  2 acid dragons
  37 orc warriors
  11 swamp drakes
  A black bear (shapeshifter) (D:15)
  4 black bears
  A necrophage (D:7)
  A sky beast (shapeshifter) (D:15)
  11 centaurs
  15 ogres
  25 wolves
  3 lemures (D:8)
  5 kobold brigands
  2 gnoll sergeants
  11 bullfrogs
  3 scorpions
  A wyvern skeleton (D:7)
  3 killer bees
  3 wights (D:8)
  2 howler monkeys (D:8)
  An electric eel (Lair:3)
  5 centaur zombies
  A bullfrog zombie (D:7)
  A hound (D:5)
  26 orc priests
  2 bullfrog skeletons (D:6)
  Ijyb (D:5)
  12 orc wizards
  3 iguanas
  A killer bee zombie (D:6)
  A howler monkey zombie (D:8)
  10 gnolls
  13 adders
  A river rat (D:6)
  2 white imps
  2 worms
  4 dart slugs
  71 orcs
  11 ball pythons
  7 bats
  4 endoplasms
  A giant cockroach (D:1)
  5 goblins
  5 hobgoblins
  3 jackals (Sewer)
  4 quokkas
  5 frilled lizards
  14 kobolds
  6 rats
  2 fulminant prisms
746 creatures vanquished.

Vanquished Creatures (collateral kills)
  A deep elf pyromancer (D:12)
  A kobold demonologist (D:12)
  A troll (D:12)
3 creatures vanquished.

Vanquished Creatures (others)
  A hydra (Swamp:4)
  A bloated husk (Swamp:1)
  A bush (Lair:6)
  8 foxfires (Swamp:2)
  383 fulminant prisms
  48 fungi
  218 plants
660 creatures vanquished.

Grand Total: 1409 creatures vanquished

Notes
Turn   | Place    | Note
-------+----------+-------------------------------------------
     0 | D:1      | pkoi the Demigod Conjurer began the quest for the Orb.
     0 | D:1      | Reached XP level 1. HP: 14/14 MP: 5/5
   126 | D:1      | Reached skill level 4 in Conjurations
   258 | D:1      | Reached XP level 2. HP: 20/20 MP: 1/7
  1406 | D:2      | Reached XP level 3. HP: 21/26 MP: 0/8
  2061 | D:2      | Reached skill level 5 in Conjurations
  2086 | D:2      | Learned a level 2 spell: Searing Ray
  2459 | D:3      | Reached XP level 4. HP: 33/33 MP: 9/9
  3107 | D:3      | Reached skill level 6 in Conjurations
  3107 | D:3      | Reached XP level 5. HP: 21/38 MP: 10/10
  3349 | D:3      | Learned a level 4 spell: Iskenderun's Mystic Blast
  3395 | D:4      | Reached skill level 1 in Translocations
  3635 | D:4      | Reached XP level 6. HP: 43/45 MP: 11/12
  4422 | D:5      | Entered Level 5 of the Dungeon
  4532 | D:5      | Noticed Ijyb
  4823 | D:5      | Found Onosirau's Distillery.
  4832 | D:5      | Bought a potion of heal wounds for 60 gold pieces
  5343 | D:5      | Killed Ijyb
  5844 | D:6      | Noticed a water moccasin
  5851 | D:6      | Killed a water moccasin
  5852 | D:6      | Reached skill level 7 in Conjurations
  5852 | D:6      | Reached XP level 7. HP: 50/50 MP: 14/14
  6003 | D:6      | Found Yczaf's Antique Armour Shop.
  6013 | D:6      | Reached skill level 1 in Evocations
  6046 | D:6      | Found a staircase to the Ecumenical Temple.
  6342 | D:6      | Found a glowing drain.
  6351 | Sewer    | Entered a sewer
  6665 | Sewer    | Reached XP level 8. HP: 50/57 MP: 13/16
  7554 | D:6      | Learned a level 4 spell: Fulminant Prism
  8278 | D:6      | Reached skill level 8 in Conjurations
  8478 | D:7      | Reached skill level 1 in Hexes
  8636 | D:7      | Reached skill level 1 in Fighting
  9663 | D:7      | Reached skill level 5 in Translocations
 10220 | D:7      | Reached XP level 9. HP: 67/67 MP: 18/18
 11173 | D:8      | Noticed a cyclops
 11183 | D:8      | Killed a cyclops
 11341 | D:8      | Reached skill level 9 in Conjurations
 11821 | D:8      | Noticed Gastronok
 12098 | D:8      | Killed Gastronok
 12099 | D:8      | Reached XP level 10. HP: 50/77 MP: 4/20
 12553 | D:8      | Noticed Pikel
 12557 | D:8      | Killed Pikel
 12558 | D:8      | Reached skill level 5 in Hexes
 13561 | D:9      | Found a runed translucent door.
 13573 | D:9      | Reached skill level 5 in Spellcasting
 14256 | D:10     | Entered Level 10 of the Dungeon
 14256 | D:10     | Noticed a two-headed ogre
 14263 | D:10     | Killed a two-headed ogre
 15057 | D:10     | Learned a level 1 spell: Apportation
 15069 | D:11     | Noticed a manticore
 15073 | D:11     | Killed a manticore
 15074 | D:11     | Reached skill level 10 in Conjurations
 15370 | D:11     | Noticed a two-headed ogre
 15377 | D:11     | Killed a two-headed ogre
 15554 | D:11     | Reached XP level 11. HP: 65/84 MP: 22/22
 15970 | D:11     | Found a staircase to the Lair.
 16039 | D:11     | Reached skill level 5 in Evocations
 16386 | D:11     | Noticed Erica
 16393 | D:11     | Killed Erica
 16622 | D:11     | Reached skill level 5 in Dodging
 16778 | D:11     | Found the +2 ratskin cloak {*Rats rPois rN+ Str-1 Int-1
                  | Dex+1}
 16861 | Lair:1   | Entered Level 1 of the Lair of Beasts
 16942 | Lair:1   | Identified the +1 robe of Inference {Int+3 Archmagi}
 17014 | Lair:1   | Found a runed translucent gate.
 17046 | Lair:1   | Noticed a minotaur
 17189 | Lair:1   | Found a runed translucent gate.
 17189 | Lair:1   | Found a runed translucent gate.
 17190 | Lair:1   | Noticed enile's ghost (journeyman GrEE)
 17718 | Lair:2   | Reached skill level 5 in Fighting
 17748 | Lair:2   | Noticed Sonja
 17870 | Lair:2   | Reached skill level 11 in Conjurations
 18201 | Lair:2   | Killed Sonja
 18246 | Lair:2   | Noticed Maggie
 18258 | Lair:2   | Killed Maggie
 18637 | Lair:2   | Found a staircase to the Swamp.
 18637 | Lair:2   | Noticed a bog body
 18640 | Lair:2   | Killed a bog body
 19008 | Lair:2   | Reached XP level 12. HP: 94/94 MP: 25/25
 19126 | Lair:3   | Noticed an eight-headed hydra
 19137 | Lair:3   | Killed an eight-headed hydra
 19678 | Lair:3   | Found a staircase to the Snake Pit.
 20428 | Lair:4   | You fall into a shaft and drop 2 floors!
 20428 | Lair:6   | Entered Level 6 of the Lair of Beasts
 20430 | Lair:6   | Noticed a five-headed hydra
 20434 | Lair:6   | Killed a five-headed hydra
 21134 | Lair:4   | Identified the +8 scimitar of Lust {vorpal, rElec rPois
                  | Str-5 Stlth-}
 21147 | Lair:4   | Reached skill level 12 in Conjurations
 21868 | Lair:5   | Noticed an eight-headed hydra
 21875 | Lair:5   | Killed an eight-headed hydra
 22635 | Lair:5   | Identified the +0 ring mail "Kaps" {rF+}
 22765 | Lair:1   | Killed a minotaur
 22766 | Lair:1   | Reached XP level 13. HP: 91/103 MP: 25/27
 22770 | Lair:1   | Killed enile's ghost
 24371 | Lair:6   | Reached skill level 10 in Hexes
 24512 | Lair:6   | Found a staircase to the Slime Pits.
 25350 | Lair:6   | Identified the +2 buckler of Feasting {Rampage rPois rC+++
                  | Str-4}
 25697 | D:12     | Found a staircase to the Orcish Mines.
 25789 | D:11     | Reached skill level 13 in Conjurations
 25939 | D:12     | Found a portal to a secret trove of treasure.
 25973 | D:12     | Identified a scroll of acquirement
 26847 | D:13     | Noticed Xuta's ghost (journeyman FoFi)
 26853 | D:13     | Found a transporter.
 26857 | D:13     | Found a transporter.
 27203 | D:13     | Noticed Kirke
 27212 | D:13     | Killed Kirke
 27375 | D:13     | Reached XP level 14. HP: 113/113 MP: 30/30
 27539 | D:13     | Noticed an azure jelly
 27539 | D:13     | a goliath frog changed into an azure jelly
 27546 | D:13     | Noticed an emperor scorpion
 27546 | D:13     | an azure jelly changed into an emperor scorpion
 27547 | D:13     | an emperor scorpion changed into a quicksilver ooze
 29467 | D:14     | Found a gate to the Vaults.
 29569 | D:15     | Entered Level 15 of the Dungeon
 30384 | D:15     | Reached skill level 1 in Armour
 32409 | D:15     | Reached skill level 14 in Conjurations
 32654 | D:15     | Found a staircase to the Depths.
 33214 | Swamp:1  | Entered Level 1 of the Swamp
 33726 | Swamp:1  | Reached XP level 15. HP: 122/122 MP: 17/31
 33727 | Swamp:1  | Noticed Josephine
 34031 | Swamp:1  | Killed Josephine
 35363 | Orc:1    | Entered Level 1 of the Orcish Mines
 35475 | Orc:2    | Entered Level 2 of the Orcish Mines
 36266 | Orc:2    | Found Wyfip's Assorted Antiques.
 36278 | Orc:2    | Bought a small diamond ring for 150 gold pieces
 36938 | Orc:2    | Found Nididghem's Distillery.
 36946 | Orc:2    | Bought a potion of haste for 140 gold pieces
 36946 | Orc:2    | Bought a potion of magic for 112 gold pieces
 36962 | Orc:2    | Found Zucwiem's Distillery.
 37005 | Orc:2    | Bought a potion of mutation for 96 gold pieces
 37008 | Orc:2    | Bought a potion of curing for 36 gold pieces
 37008 | Orc:2    | Bought a potion of heal wounds for 60 gold pieces
 37455 | Orc:2    | Found a staircase to the Elven Halls.
 37556 | Orc:2    | Found Atycvuse's Weapon Shoppe.
 38287 | D:13     | HP: 4/124 [centaur warrior/arrow (19)]
 38292 | D:13     | Noticed a storm dragon
 38292 | D:13     | an emperor scorpion changed into a storm dragon
 38298 | D:13     | Noticed an azure jelly
 38298 | D:13     | a storm dragon changed into an azure jelly
 38301 | D:13     | Killed an azure jelly
 38301 | D:13     | Killed Xuta's ghost
 38834 | Swamp:2  | Reached skill level 5 in Armour
 38837 | Swamp:2  | Reached skill level 1 in Unarmed Combat
 38839 | Swamp:2  | Noticed a fenstrider witch
 38846 | Swamp:2  | Killed a fenstrider witch
 40175 | Swamp:2  | Learned a level 6 spell: Iron Shot
 40329 | Swamp:3  | Noticed a fenstrider witch
 40333 | Swamp:3  | Killed a fenstrider witch
 40334 | Swamp:3  | Reached skill level 1 in Earth Magic
 40335 | Swamp:3  | Noticed a fenstrider witch
 40339 | Swamp:3  | Paralysed by a fenstrider witch for 3 turns
 40342 | Swamp:3  | Killed a fenstrider witch
 40850 | Swamp:3  | Reached XP level 16. HP: 133/133 MP: 34/34
 41040 | Swamp:3  | Reached skill level 5 in Unarmed Combat
 42047 | Swamp:4  | Entered Level 4 of the Swamp
 42492 | Swamp:4  | Reached skill level 10 in Spellcasting
 42729 | Swamp:4  | Reached skill level 5 in Earth Magic
 43601 | Swamp:4  | Reached skill level 10 in Dodging
 44000 | Swamp:4  | Noticed the 27-headed Lernaean hydra
 44010 | Swamp:4  | HP: 5/134 [the 27-headed Lernaean hydra (2)]
 44010 | Swamp:4  | HP: 2/134 [the 27-headed Lernaean hydra (3)]
 44010 | Swamp:4  | Slain by the 27-headed Lernaean hydra

Illustrated notes

Levels and vault maps discovered:
D:1:      erik_arrival_triangle_medium, layout_loops_ring
D:2:      layout_rooms, chequers_ecumenical_altar_twisty
D:3:      layout_basic
D:4:      layout_cave_pods, mainiacjoe_overflow_chevrons,
          mainiacjoe_overflow_catwalk
D:5:      layout_loops_ring, serial_shops,
          nicolae_shop_competitors_out_of_business, uniq_ijyb
D:6:      layout_basic, overflow_temple_1_default, kennysheep_mini_moat,
          kennysheep_little_box, minmay_temple_entry_mini_moons,
          chequers_ossuary_entry_cave, serial_shops, nicolae_shop_behind_doors,
          portal_sewer_entry_c, hellmonk_bongcloud_opening
D:7:      layout_cave_pools, lemuel_tele_altar, lemuel_round_altar,
          minmay_misc_feat_plants, minmay_misc_feat_pillars, grunt_ministairs_3,
          kennysheep_cross_bottleneck
D:8:      nzn_winding_woodlands_cross [nzn_winding_woodlands_5x15_default,
          nzn_winding_woodlands_5x15_lazy_stream,
          nzn_winding_woodlands_5x15_pathside_ponds,
          nzn_winding_woodlands_5x15_sidewinder,
          nzn_winding_woodlands_15x15_five_gardens], layout_gridville,
          uniq_gastronok, uniq_pikel
D:9:      layout_loops_corners, dk_yredelemnul_ordeal, overflow_temple_1_default
D:10:     layout_cave_pools, old_standard_altar,
          mainiacjoe_overflow_six_doors_small, nicolae_gozag_seed_capital,
          nicolae_sif_muna_little_library, minmay_splitting_lines
D:11:     layout_basic, grunt_lair_entry_orc_guard_hut, uniq_erica
D:12:     layout_basic, orc_0_dummy, nicolae_trove_entry_crystal,
          kennysheep_nub, minmay_misc_feat_secret_circle,
          grunt_decor_one_mirror, mrwooster_statue_mirror
D:13:     layout_roguey, gammafunk_ghost_arena, uniq_kirke
D:14:     layout_irregular_city, david_vaults_5, minivault_11, st_stairs_8,
          minivault_4, minmay_misc_feat_tower
D:15:     gammafunk_enter_depths_forms, layout_basic, grunt_qazlal_clouds
Lair:1:   layout_regular_city, maelrawn_ghost_gauntlet_escape
Lair:2:   layout_cellular_growth, skrybe_swamp_entry_bodies, minivault_24,
          uniq_sonja, uniq_maggie
Lair:3:   layout_chaotic_city, dummy_snake_entry, serial_bayou_shore_b,
          infiniplex_staircase_pool, serial_bayou_shore_b, lemuel_fruit_fields
Lair:4:   layout_concentric_octagons, basic_altar, pond
Lair:5:   layout_hall_layers, serial_forest, infiniplex_forest_straight_5,
          infiniplex_forest_end_double, infiniplex_forest_clump_diagonal,
          infiniplex_forest_pool, infiniplex_forest_clump_curved,
          infiniplex_forest_clump_curved, infiniplex_forest_side_room
Lair:6:   grunt_lair_end_beastmaster, layout_regular_city, slime_dummy,
          tgw_fedhas, grunt_megastairs_4, serial_bayou_shore_a
Swamp:1:  layout_falls_marsh, hangedman_swamp_ruin_wall, swamp_pool3,
          nicolae_swamp_baby_hydras, uniq_josephine
Swamp:2:  layout_basic_swamp, nicolae_swamp_treefoil
Swamp:3:  layout_basic_swamp, evilmike_swamp_ruin_house_1, swamp_pool4,
          nicolae_swamp_snake_nest
Swamp:4:  swamp_basic_johnstein, layout_basic_swamp
Orc:1:    layout_diamond_mine
Orc:2:    pubby_orc_utopia

Skill      XL: |  1  2  3  4  5  6  7  8  9 10 11 12 13 14 15 16 |
---------------+-------------------------------------------------+-----
Conjurations   | 4 5 6 7 8 9 10 11 12 13 14 | 14.0
Spellcasting   | 2 3 4 5 6 7 8 9 10 | 10.2
Translocations | 1 3 4 5 6 7 8 |  8.0
Evocations     | 2 3 4 6 7 8 9 |  9.0
Dodging        | 2 3 4 5 6 7 8 9 10 | 10.0
Hexes          | 2 4 6 7 9 10 11 12 | 12.0
Fighting       | 1 3 4 5 6 7 8 9 |  9.8
Armour         | 2 5 |  5.6
Unarmed Combat | 4 7 |  7.3
Earth Magic    | 1 6 |  6.0
Stealth        | 2 |  2.1

Action                   |  1- 3 |  4- 6 |  7- 9 | 10-12 | 13-15 | 16-18 || total
-------------------------+-------+-------+-------+-------+-------+-------++-------
Melee: Spear             |       |       |    92 |    16 |       |       ||   108
       Punch             |       |       |     4 |       |       |       ||     4
       Short sword       |       |       |       |     4 |       |       ||     4
       Scimitar          |       |       |       |       |    15 |       ||    15
 Cast: Magic Dart        |    78 |    70 |    78 |     9 |     9 |     2 ||   246
       Searing Ray       |       |    12 |    17 |       |       |       ||    29
       Iskenderun's Myst |       |       |    44 |   142 |   347 |    34 ||   567
       Fulminant Prism   |       |       |    36 |    86 |   214 |    49 ||   385
       Iron Shot         |       |       |       |       |     8 |    46 ||    54
       Apportation       |       |       |       |       |     1 |       ||     1
  Use: Scroll            |       |     5 |     4 |    11 |     7 |       ||    27
       Potion            |       |     1 |       |       |     3 |       ||     4
Armor: Robe              |     1 |     4 |    26 |    16 |    67 |    30 ||   144
       Steam dragon scal |       |       |    11 |    33 |       |       ||    44
Dodge: Dodged            |    10 |    13 |    80 |    87 |   139 |    38 ||   367
